 Dungeon Crawl Stone Soup version 0.22.1-2-g9c5b331383 (webtiles) character file.

40 JackS81 the Cutter (level 3, -1/43 HPs)
             Began as a Demonspawn Berserker on Nov 26, 2018.
             Was a Follower of Trog.
             Slain by a bullfrog (2 damage)
             ... on level 2 of the Dungeon.
             The game lasted 00:04:50 (1188 turns).

JackS81 the Cutter (Demonspawn Berserker)           Turns: 1188, Time: 00:04:50

Health: -1/43      AC:  2    Str: 23    XL:     3   Next: 30%
Magic:  3/3        EV: 12    Int:  8    God:    Trog [*.....]
Gold:   51         SH:  0    Dex: 12    Spells: 2/2 levels left

rFire    . . .     SeeInvis +   r - +2 short sword (venom)
rCold    . . .     Gourm    .   (no shield)
rNeg     . . .     Faith    .   b - +0 animal skin
rPois    .         Spirit   .   (no helmet)
rElec    .         Reflect  .   (no cloak)
rCorr    .         Harm     .   (no gloves)
MR       ++...                  (no boots)
Stlth    ..........             (no amulet)
HPRegen  1.14/turn              p - ring of see invisible
MPRegen  0.08/turn              (no ring)

@: berserking, regenerating, very quick
A: rot immunity
a: Berserk, Renounce Religion


You were on level 2 of the Dungeon.
You worshipped Trog.
Trog was aware of your devotion.
You were near starving.

You visited 1 branch of the dungeon, and saw 2 of its levels.

You collected 51 gold pieces.

Inventory:

Hand Weapons
 a - a +0 short sword
 r - a +2 short sword of venom (weapon)
Armour
 b - a +0 animal skin (worn)
 i - a +0 shield
 k - a cursed +0 crystal plate armour
 o - a +0 ring mail
 s - a +0 leather armour
Jewellery
 p - a ring of see invisible (left hand)
Scrolls
 d - a scroll of identify {unknown}
 e - 2 scrolls of remove curse
 f - a scroll of noise {unknown}
 g - a scroll of blinking {unknown}
 m - a scroll of fog {unknown}
 n - a scroll of teleportation {unknown}
Potions
 h - 2 potions of curing
 j - a potion of haste {unknown}
 l - a potion of heal wounds {unknown}
 t - a potion of lignification {unknown}
Comestibles
 c - 2 rations
 q - a chunk of flesh


   Skills:
 + Level 3.3 Fighting
 * Level 3.5 Short Blades
 - Level 1.7 Armour
 * Level 2.1 Dodging


You had 2 spell levels left.
You didn't know any spells.
Your spell library was empty.

Dungeon Overview and Level Annotations

Branches:
Dungeon (2/15)

Altars:
Makhleb
Uskayaw
The Shining One


Innate Abilities, Weirdness & Mutations

You are immune to rotting.


Message History

Your skin crawls.
You feel resistant to hostile enchantments.
You are feeling hungry.
You can no longer call upon Trog for regeneration and magic resistance.
The bullfrog hits you.
* * * LOW HITPOINT WARNING * * *
The bullfrog completely misses you.
A red film seems to cover your vision as you go berserk!
You feel yourself moving faster!
You feel mighty!
You are feeling very hungry.
The bullfrog swells and bulges.
The bullfrog hits you.
* * * LOW HITPOINT WARNING * * *
The bullfrog hits you.
* * * LOW HITPOINT WARNING * * *
You closely miss the bullfrog.
The bullfrog is heavily wounded.
You are near starving!
The bullfrog hits you.
You die... # #########################.# ................@F........# #########################.#

You could see a bullfrog.

Vanquished Creatures
  An adder (D:2)
  3 leopard geckos (D:1)
  3 bats
  3 giant cockroaches (D:1)
  4 goblins
  2 hobgoblins (D:1)
  7 kobolds
  A frilled lizard (D:1)
  3 rats
27 creatures vanquished.

Notes
Turn   | Place    | Note
-------+----------+-------------------------------------------
     0 | D:1      | JackS81 the Demonspawn Berserker began the quest for the
                  | Orb.
     0 | D:1      | Reached XP level 1. HP: 18/18 MP: 1/1
   410 | D:1      | Gained mutation: You are immune to rotting. [demonic
                  | ancestry]
   410 | D:1      | Reached XP level 2. HP: 18/24 MP: 2/2
   892 | D:2      | Reached XP level 3. HP: 29/29 MP: 3/3
   930 | D:2      | Found a burning altar of Makhleb.
  1016 | D:2      | Reached ** piety under Trog
  1048 | D:2      | Found a glowing golden altar of the Shining One.
  1121 | D:2      | Found a hide-covered altar of Uskayaw.
  1171 | D:2      | Noticed a bullfrog
  1187 | D:2      | HP: 1/43 [bullfrog (5)]
  1188 | D:2      | Slain by a bullfrog

Skill      XL: |  1  2 |
---------------+-------+-----
Short Blades   | 3 |  3.5
Dodging        | 2 |  2.1
Fighting       | |  3.3
Armour         | |  1.7

Action                   || total
-------------------------++-------
Melee: Short sword       ||   103
Invok: Berserk           ||     3
       Trog's Hand       ||     1
  Use: Scroll            ||     1
       Potion            ||     1
 Stab: Sleeping          ||     1
  Eat: Chunk             ||     3
Armor: Animal skin       ||    25
Dodge: Dodged            ||    66
